tertium, neutral male human Tourist ------------------- -------------- |....[%..|.......}| |}.......}#-# |...(....|.......}| |}.......}#C| -------|--......}#---#}......}#C |.........}#.|C#}......;#- | | |.........}#---#}.......}+ + ...}#.| ---.........}+...+}......}#-#- ........}| | |........)..}#---#}......}..| .............}#.| |.......))..}#.|C#}.@C...}..| .................}| | -------....000..}#---#}D.D...}.-.- ..........{{{.........}#.| |.....|....00./.....).)...%...@....}..........{# |..........00..[}#---#}...%.%}#- - .........{{{.........}#.| |....)|........)}#/|C#}....%..#C| ...............}| | |...).|.........}#---#}......}#C| .........}#.| |..-|----............+}......}#-#- ...}| | |. |).(.|.......}#---#}.....).}+ + |. |..^.|.......}#.|.#}......}#- -- --------.....}#---#;......}#C |......}| |}.......}#C| |......}| |}.......}#-# --------- -------------- tertium the Peregrinator Experience level: 13 Strength: 18 Dexterity: 20 Constitution: 17 Intelligence: 14 Wisdom: 10 Charisma: 17 Health: 0(96) Energy: 52(52) AC: -15 Gold: 0 Moves: 30023 Your Inventory: Weapons a - the blessed rustproof +3 Magicbane (weapon in hand) d - an uncursed rustproof [+1] broadsword named Dragonbane [Dragonbane] Armor l - a blessed +5 pair of gauntlets of dexterity (being worn) n - an uncursed thoroughly burnt +0 blue and green shield [elven] (being worn) p - an uncursed +0 dwarvish mithril-coat (being worn) L - a blessed +1 pair of hard shoes [iron] (being worn) O - an uncursed burnt +0 cloak of displacement (being worn) Y - a blessed rusty +3 hard hat [dwarvish iron helm] (being worn) Comestibles I - 2 uncursed lizard corpses Potions i - a blessed potion of extra healing K - an [uncursed] potion of full healing Wands m - an [uncursed] wand of cold [0:1] w - an uncursed wand of slow monster [0:7] Q - an uncursed wand of striking [0:3] S - a wand of teleportation (0:0) T - an uncursed wand of magic missile [0:5] V - an uncursed wand of digging [0:4] Tools g - an uncursed magic whistle h - a blessed bag called holding [of holding] o - an expensive camera (0:25) q - a blessed [+0] unicorn horn s - an uncursed key [skeleton key] z - an uncursed towel H - an uncursed sack Contents of the bag of holding: 9129 gold pieces an uncursed [+0] crude dagger of frost [orcish] 2 blessed [+0] runed daggers [elven] 9 uncursed [+0] runed daggers [elven] a cursed [-2] runed dagger [elven] a cursed [-1] runed dagger [elven] an [uncursed +0] staff [of telepathy (quarterstaff)] an uncursed [+0] thirsty dagger an uncursed +0 Hawaiian shirt a blessed +1 hooded cloak [dwarvish] an uncursed +1 hooded cloak [dwarvish] a cursed [-3] pair of padded gloves [gauntlets of fumbling] a blessed +1 pair of riding gloves [leather] an uncursed +0 pair of riding gloves [leather] 5 uncursed C-rations 3 uncursed K-rations an uncursed apple an uncursed candy bar an uncursed clove of garlic an uncursed cram ration 2 uncursed food rations an uncursed lichen corpse 2 uncursed slime molds an uncursed tin [of ape meat] an uncursed tin [of rothe meat] 2 uncursed tripe rations a cursed scroll called YU 100 [of destroy armor] an [uncursed] scroll called YU 100 [of destroy armor] a [cursed] scroll of create monster a blessed scroll of enchant armor a blessed scroll of enchant weapon an uncursed scroll of enchant weapon 2 uncursed scrolls of gold detection 2 uncursed scrolls of identify a blessed scroll of light 5 uncursed scrolls of light 4 uncursed scrolls of magic mapping 3 uncursed scrolls of remove curse a blessed scroll of teleportation an uncursed scroll of teleportation 4 uncursed unlabeled scrolls [of blank paper] 12 blessed potions called water [of holy water] an [uncursed] potion of full healing an uncursed potion of levitation 3 uncursed potions of object detection an uncursed potion of paralysis 2 uncursed potions of speed an uncursed bronze ring [of fire resistance] an uncursed bronze ring [of fire resistance] an uncursed copper ring [of conflict] an [uncursed] gold ring [of levitation] a cursed jet ring [of hunger] a cursed opal ring [of teleportation] an uncursed shiny ring [of teleport control] an uncursed tiger eye ring [of warning] a cursed tiger eye ring [of warning] an [uncursed] tiger eye ring [of warning] an uncursed wooden ring [of regeneration] an uncursed wand of create monster [0:3] an uncursed wand of digging [0:4] an uncursed wand of digging [0:6] an uncursed wand of digging [0:7] an uncursed wand of light [0:13] a wand of locking (0:3) an uncursed wand of magic missile [0:6] an uncursed wand of sleep [0:7] an uncursed wand of sleep [0:4] an uncursed wand of sleep [0:5] an uncursed wand of striking [0:7] an uncursed wand of striking [0:4] an uncursed wand of striking [0:7] an uncursed wand of striking [0:5] a wand of teleportation (0:0) an uncursed brass lantern an uncursed lock pick an uncursed magic whistle an uncursed [+0] pick-axe an uncursed sack an uncursed towel an uncursed towel an uncursed towel an uncursed [+0] unicorn horn 3 uncursed black gems [worthless glass] an uncursed blue gem [turquoise] an uncursed blue gem [sapphire] 9 uncursed blue gems [worthless glass] 3 uncursed green gems [emerald] an uncursed green gem [fluorite] 2 uncursed orange gems [jacinth] 3 uncursed red gems [ruby] 2 uncursed violet gems [amethyst] 5 uncursed violet gems [worthless glass] 2 uncursed white gems [diamond] 5 uncursed white gems [worthless glass] 2 uncursed yellow gems [chrysoberyl] 7 uncursed yellow gems [worthless glass] 2 uncursed yellowish brown gems [worthless glass] Contents of the sack: an uncursed maple wand [of probing (0:6)] an uncursed nickel wand [of undead turning (0:5)] Spells known in the end: Name Level Category Fail Memory a - fireball 4* attack 100% [........] b - force bolt 1* attack 100% [........] Your skills at the end: Fighting Skills body armor [Basic / Basic] shield [Basic / Basic] Weapon Skills dagger [Expert / Expert] long sword [Basic / Basic] dart [Basic / Expert] Spellcasting Skills Final Attributes: You were piously aligned. Hunger level was 1068. Your alignment was 160 / 160. Monster difficulty range was 3 - 16. Level difficulty was 20. You resisted cold. You resisted sleep. You resisted poison. You were magic-protected. You saw invisible. You were telepathic. You had automatic searching. You were displaced. You were protected. Your luck was zero. You are dead. Vanquished creatures: a balrog 2 baluchitheria a titanothere a shopkeeper a captain 2 vampires 2 lieutenants 2 winged gargoyles 2 giant mimics 2 zruties an umber hulk a flesh golem 3 large mimics a baby purple worm 2 long worms a water elemental a giant mummy a xorn 6 giant zombies a sergeant 5 wargs 8 small mimics a glass piercer an ettin mummy 3 ogre lords 4 quantum mechanics a sasquatch 2 wood golems a giant turtle 3 gelatinous cubes 3 pyrolisks a large dog 3 flaming spheres 2 shocking spheres a large cat a tiger a dwarf king 4 tengu 2 ochre jellies 2 leocrottas a mountain centaur 3 elf mummies a human mummy 2 pythons a wraith 3 ettin zombies 5 leather golems 2 Grey-elves 21 soldiers 3 watchmen an incubus 2 chameleons 6 giant beetles 3 quivering blobs 11 cockatrices 2 wolves 9 winter wolf cubs a lynx 2 panthers 3 gremlins 7 leprechauns 4 iron piercers a mumak 2 giant spiders 4 ice vortices 4 black lights 3 vampire bats 2 forest centaurs 6 gnome kings an orc mummy 2 dwarf mummies 6 ogres 5 brown puddings a rust monster 4 owlbears 5 yetis 2 gold golems a werewolf 7 Green-elves 4 lizards a chickatrice 3 dogs 2 dingos 2 housecats 3 jaguars 4 dwarf lords 4 blue jellies 4 white unicorns 3 ravens 4 plains centaurs 2 gnome mummies 3 snakes 3 apes 6 human zombies 3 rope golems 8 Woodland-elves 7 soldier ants 3 fire ants 5 snow ants 4 bugbears an imp 3 quasits 4 wood nymphs 2 water nymphs a mountain nymph 11 Mordor orcs 17 Uruk-hai 5 rock piercers 7 enormous rats 5 rock moles 4 ponies 7 fog clouds 7 yellow lights 3 shriekers 4 violet fungi 21 gnome lords 8 gnomish wizards 2 kobold mummies 3 golden naga hatchlings 4 gray oozes a barrow wight 7 elf zombies a ghoul 3 straw golems 2 paper golems 3 wax golems 2 baby crocodiles 13 giant ants 2 little dogs 11 floating eyes 4 kittens 24 dwarves 3 homunculi 5 kobold lords a kobold shaman 12 hill orcs 4 rothes 2 rabid rats 3 centipedes 2 giant bats a monkey an orc zombie 6 dwarf zombies a werejackal 12 iguanas 2 killer bees 5 acid blobs 4 coyotes 2 gas spores 6 hobbits 21 manes a large kobold 3 hobgoblins 6 giant rats 9 cave spiders a brown mold 2 yellow molds a green mold a red mold 87 gnomes 10 garter snakes 6 gnome zombies 10 geckos 8 jackals 4 foxes 3 kobolds 5 goblins 13 sewer rats 12 grid bugs 6 bats 11 lichens a kobold zombie 13 newts 808 creatures vanquished. Voluntary challenges: You used a wielded weapon 1133 times. You read items or engraved 30 times. You put on armor 91 times. You never genocided any monsters. You never polymorphed an object. You never changed form. You used no wishes. You abstained from Elbereth's help. You never encountered a bones level. You never used any Sokoban shortcuts. Dungeon overview: The Dungeons of Doom: levels 1 to 14 Level 1 a fountain a long staircase Level 2 a general store, a fountain Level 3 (vault) a scroll shop Level 4 a fountain stairs to The Gnomish Mines Level 5 a general store Level 6 an altar to The Lady Level 7 (vault) a potion shop, a fountain Level 9 a fountain stairs to Sokoban Level 10 stairs to Town Level 11 some fountains Level 12 a general store, some fountains Level 13 a potion shop portal to Fort Ludios The Gnomish Mines: levels 5 to 12 Level 5 stairs to The Dungeons of Doom Level 7 many shops, a temple, a magic chest, some fountains Level 12 a fountain Sokoban: levels 6 to 8 Level 8 a magic chest stairs to The Dungeons of Doom Town: Level 9 stairs to The Dungeons of Doom Fort Ludios: Level 1 <- You were here a magic chest, many fountains, a tree portal to The Dungeons of Doom History has recorded: On T:1 you entered the Dungeons of Doom to retrieve the Amulet of Yendor! On T:498 you reached level 2 of The Dungeons of Doom. On T:1240 you advanced to experience level 2. On T:1500 you reached level 3 of The Dungeons of Doom. On T:1736 you reached level 4 of The Dungeons of Doom. On T:2099 you reached level 1 of The Gnomish Mines. On T:2197 you advanced to experience level 3. On T:2620 you reached level 2 of The Gnomish Mines. On T:2749 you reached level 3 of The Gnomish Mines. On T:2868 you advanced to experience level 4. On T:4476 you advanced to experience level 5. On T:6166 you advanced to experience level 6. On T:6385 you reached level 5 of The Dungeons of Doom. On T:6677 you reached level 6 of The Dungeons of Doom. On T:7674 you advanced to experience level 7. On T:7744 you reached level 7 of The Dungeons of Doom. On T:8128 you reached level 8 of The Dungeons of Doom. On T:9267 you reached level 9 of The Dungeons of Doom. On T:11006 you received Magicbane from The Lady. On T:11172 you received 7 rustproof darts of frost from The Lady. On T:13179 you reached level 4 of The Gnomish Mines. On T:13440 you reached level 5 of The Gnomish Mines. On T:13520 you advanced to experience level 8. On T:13801 you reached level 6 of The Gnomish Mines. On T:14541 you reached level 7 of The Gnomish Mines. On T:14734 you reached level 8 of The Gnomish Mines. On T:16146 you advanced to experience level 9. On T:17525 you advanced to experience level 10. On T:19622 you received Dragonbane from The Lady. On T:19938 you reached level 10 of The Dungeons of Doom. On T:19985 you reached level 3 of Sokoban. On T:20534 you reached level 11 of The Dungeons of Doom. On T:20747 you reached level 3 of Town. On T:20765 you advanced to experience level 11. On T:22472 you reached level 2 of Sokoban. On T:23712 you reached level 1 of Sokoban. On T:25866 you received a rustproof dagger of telepathy from The Lady. On T:26732 you reached level 12 of The Dungeons of Doom. On T:27620 you reached level 13 of The Dungeons of Doom. On T:28302 you reached level 14 of The Dungeons of Doom. On T:28886 you advanced to experience level 12. On T:29203 you reached Fort Knox. On T:29322 you advanced to experience level 13. Latest messages: The plains centaur throws a spear! It misses. [HP+32=43] You have a little trouble removing K - a potion of full healing. Your movements are slowed slightly because of your load. You hit it. The amphitere bites! The amphitere hits! (2x) The sarkany bites! The sarkany hits! The sarkany misses. The plains centaur hits! The plains centaur kicks! The plains centaur misses. The plains centaur kicks! The amphitere misses. (2x) The amphitere hits! The sarkany bites! The sarkany hits! The sarkany misses. The plains centaur hits! You die... Final status: Aloha tertium the Tourist... You died in Fort Ludios with 38886 points, and 9129 pieces of gold, after 30023 moves. You were level 13 with a maximum of 96 hit points when you died.